 Dungeon Sprint DCSS version 0.31-a0-841-g038b102fc3 (webtiles) character file.

Game seed: 18244323284658802640

753 sircluck the Grappler (level 7, -5/81 HPs)
             Began as a Troll Berserker on Sept 27, 2023.
             Was a Believer of Trog.
             Slain by a wolf (7 damage)
             ... in the Dungeon (Sprint VII: "The Pits").
             The game lasted 00:00:28 (40 turns).

sircluck the Grappler (Troll Berserker)               Turns: 40, Time: 00:00:29

Health: -5/81      AC:  4    Str: 28    XL:     7   Next: 49%
Magic:  6/6        EV: 12    Int:  3    God:    Trog [**....]
Gold:   0          SH:  0    Dex:  9    Spells: 6/6 levels left

rFire   . .          .
                       - Unarmed
rCold   . . .        (no shield)
rNeg    . . .        a - +0 animal skin
rPois   .            (helmet restricted)
rElec   .            (no cloak)
rCorr   .            (gloves unavailable)
SInv    .            (boots unavailable)
Will    .....        (no amulet)
Stlth   +            (no ring)
HPRegen 1.13/turn    (no ring)
MPRegen 0.10/turn

%: no teleportation
@: on berserk cooldown, slowed, very slow
A: large, unfitting armour, claws 3, regeneration 1, shaggy fur 1, tough skin 1
a: Renounce Religion, Berserk, Trog's Hand


You were in the Dungeon.
You worshipped Trog.
Trog was pleased with you.
You visited 1 branch

Inventory:

Armour
 a - a +0 animal skin (worn)
Scrolls
 g - a scroll of blinking
Potions
 b - a potion of curing
 c - a potion of heal wounds
 d - a potion of haste
 e - 2 potions of magic
 f - a potion of berserk rage


   Skills:
 + Level 8.5 Fighting
 + Level 8.4 Dodging
 + Level 10.0 Unarmed Combat


You had 6 spell levels left.
You didn't know any spells.
Your spell library was empty.

Dungeon Overview and Level Annotations

Branches:
Dungeon (1/1)

Altars:


Innate Abilities, Weirdness & Mutations

You are too large for most types of armour.
You have claws for hands.
Your natural rate of healing is unusually fast.
You are covered in fur. (AC +1)
You have tough skin. (AC +1)


Message History

Unknown command.
Unknown command.
You mangle the two-headed ogre!!
The two-headed ogre is almost dead.
The wolf bites you!
* * * LOW HITPOINT WARNING * * *
The wolf barely misses you.
Unknown command.
Unknown command.
Unknown command.
You mangle the two-headed ogre!!
You kill the two-headed ogre!
Trog accepts your kill. The wolf bites you.
* * * LOW HITPOINT WARNING * * *
The wolf barely misses you. The wolf bites you.
* * * LOW HITPOINT WARNING * * *
Your Fighting skill gained 3 levels and is now at level 8!
Your Dodging skill gained 3 levels and is now at level 8!
Your Unarmed Combat skill gained 4 levels and is now at level 10!
You have reached level 6!
You feel stronger.
You have reached level 7!
Unknown command.
Unknown command.
Unknown command.
Unknown command.
Unknown command.
Unknown command.
Unknown command.
The wolf attacks as it pursues you! The wolf bites you but does no damage.
You feel a strong urge to attack something.
The wolf bites you.
* * * LOW HITPOINT WARNING * * *
Unknown command.
Unknown command.
You are no longer berserk.
You are exhausted.
You feel yourself slow down. The wolf bites you!
You die...

##########++######
#................#
#......#..#......#
#................+
+................+
#......#..#......#
#................#
####'#####''######
#.......##@'#
#.......##.h##
#.......##hhh##
#...<...###.h.#
#.......#
##)......
#.......# ..###+##
#.......# .##
######### O. c.


You could see 5 wolves.

Vanquished Creatures
  A two-headed ogre (D)
  A wolf (D)
  A centaur (D)
  A mummy (D)
4 creatures vanquished.

Notes
Turn   | Place    | Note
-------+----------+-------------------------------------------
     0 | D        | sircluck the Troll Berserker began the quest for the Orb.
     0 | D        | Reached XP level 1. HP: 22/22 MP: 0/0
    24 | D        | Noticed a centaur
    24 | D        | Noticed a two-headed ogre
    25 | D        | Noticed a wolf
    25 | D        | Noticed a wolf
    26 | D        | Noticed a wolf
    28 | D        | Noticed a wolf
    30 | D        | Reached skill level 4 in Unarmed Combat
    30 | D        | Reached XP level 2. HP: 26/31 MP: 1/1
    30 | D        | Noticed a wolf
    32 | D        | Killed a wolf
    32 | D        | Noticed a wolf
    33 | D        | Reached skill level 5 in Unarmed Combat
    33 | D        | Reached XP level 3. HP: 19/41 MP: 2/2
    33 | D        | Reached XP level 4. HP: 23/49 MP: 3/3
    33 | D        | Killed a centaur
    33 | D        | Reached ** piety under Trog
    34 | D        | Reached skill level 5 in Fighting
    34 | D        | Reached skill level 5 in Dodging
    34 | D        | Reached skill level 6 in Unarmed Combat
    34 | D        | Reached XP level 5. HP: 20/59 MP: 4/4
    36 | D        | HP: 4/88 [wolf (10)]
    37 | D        | Killed a two-headed ogre
    37 | D        | HP: 1/88 [wolf (1)]
    38 | D        | Reached skill level 10 in Unarmed Combat
    38 | D        | Reached XP level 6. HP: 2/74 MP: 5/5
    38 | D        | Reached XP level 7. HP: 2/81 MP: 6/6
    40 | D        | Slain by a wolf

Illustrated notes

Levels and vault maps discovered:
D:        pitsprint [storerooms_1, entrance_room_1, metal_vault_5, armoury_2,
          mini_pit_1, grid_room_1, main_hall_1, silver_pit, the_coven_1,
          the_vestibule_1, steel_vault_1, golden_pit, hallway_of_sentries,
          crystal_vault_5, iron_vault_4, final_vault]

Skill      XL: |  1  2  3  4  5 |
---------------+----------------+-----
Fighting       | 3 4 5 8 |  8.5
Dodging        | 3 4 5 8 |  8.4
Unarmed Combat | 4 5 6 10 | 10.0

Action                     |  1- 3 |  4- 6 |  7- 9 || total
---------------------------+-------+-------+-------++-------
  Melee: Unarmed           |     5 |     5 |       ||    10
         Punch             |       |     1 |       ||     1
 Invoke: Berserk           |     1 |       |       ||     1
 Armour: Animal skin       |     5 |     7 |     3 ||    15
  Dodge: Dodged            |     4 |     7 |       ||    11

Table legend: (Time is in decaauts)
 A = Elapsed time spent in this place.
 B = Non-inter-level travel time spent in this place.
 C = Inter-level travel time spent in this place.
 D = Time resting spent in this place.
 E = Time spent auto-exploring this place.
 F = Levels seen in this place.
 G = Mean time per level.
                   A        B        C        D        E       F      G
               +--------+--------+--------+--------+--------+-----+--------+
         Total |     34 |     34 |      0 |      0 |      0 |   1 |   34.0 |
       Dungeon |     34 |     34 |      0 |      0 |      0 |   1 |   34.0 |
               +--------+--------+--------+--------+--------+-----+--------+

Top non-repeatable levels by time:
       D: 34 daAuts
